 Dungeon Crawl Stone Soup version 0.27-b1-16-g6517624069 (webtiles) character file.

Game seed: 10173618230761642842

32 horus123 the Bolt Thrower (level 3, -8/27 HPs)
             Began as a Demonspawn Hunter on July 26, 2021.
             Mangled by an iron imp (9 damage)
             ... summoned by Natasha
             ... on level 2 of the Dungeon.
             The game lasted 00:07:06 (981 turns).

horus123 the Bolt Thrower (Demonspawn Hunter)        Turns: 981, Time: 00:07:06

Health: -8/27      AC:  3    Str: 12    XL:     3   Next: 10%
Magic:  4/4        EV: 11    Int: 14    God:
Gold:   35         SH:  0    Dex: 14    Spells: 2/3 levels left

rFire    . . .     SeeInvis .   b - +0 short sword
rCold    . . .     Faith    .   (no shield)
rNeg     . . .     Spirit   .   c - +0 leather armour
rPois    .         Reflect  .   (no helmet)
rElec    .         Harm     .   (no cloak)
rCorr    .         Rampage  .   (no gloves)
Will     .....                  (no boots)
Stlth    +.........             (no amulet)
HPRegen  0.09/turn              (no ring)
MPRegen  0.09/turn              (no ring)

@: slowed, very slow
A: big brain 1
a: no special abilities


You were on level 2 of the Dungeon.
You visited 1 branch of the dungeon, and saw 2 of its levels.

You collected 35 gold pieces.

Inventory:

Hand Weapons
 a - a +1 hand crossbow
 b - a +0 short sword (weapon)
Missiles
 d - 18 bolts
 e - 17 poisoned darts
 f - 3 datura-tipped darts
 g - 16 arrows
 i - 4 javelins (quivered)
Armour
 c - a +0 leather armour (worn)
Potions
 h - a potion of curing {unknown}


   Skills:
 * Level 2.2 Fighting
 * Level 4.2 Crossbows
 + Level 1.7 Dodging
 + Level 0.8 Stealth
 * Level 0.9 Spellcasting
 + Level 0.1 Conjurations


You had 2 spell levels left.
You knew the following spells:

 Your Spells              Type           Power      Damage    Failure   Level
a - Magic Dart            Conj           0%         1d3       32%         1

Your spell library contained the following spells:

 Spells                   Type           Power      Damage    Failure   Level
 Call Imp                 Summ           0%         N/A       45%         2
 Slow                     Hex            0%         N/A       45%         2
 Mephitic Cloud           Conj/Pois/Air  0%         N/A       69%         3
 Confusing Touch          Hex            0%         N/A       71%         3
 Vampiric Draining        Necr           0%         2d6       71%         3
 Petrify                  Tmut/Erth      0%         N/A       98%         4
 Metabolic Englaciation   Hex/Ice        0%         N/A       100%        5
 Statue Form              Tmut/Erth      0%         N/A       100%        6


Dungeon Overview and Level Annotations

Branches:
Dungeon (2/15)

Altars:

Annotations:
D:2 Natasha


Innate Abilities, Weirdness & Mutations

You have an unusually large brain. (Int +2)


Message History

Natasha is moderately wounded.
Natasha casts a spell.
The crimson imp shouts, "Scamper away, thou mangled tickle-brained ratsbane!"
You hit Natasha.
Natasha is heavily wounded.
Natasha casts a spell.
The crimson imp hits you. Natasha casts a spell at you.
You resist with significant effort.
You hit the crimson imp but do no damage.
The crimson imp hits you.
Natasha stares at you and mumbles some strange words.
You feel yourself slow down.
You closely miss the crimson imp. The crimson imp closely misses you.
Natasha mumbles some strange words.
You hit the crimson imp.
The crimson imp is moderately wounded.
The crimson imp hits you but does no damage.
Natasha claws you.
The crimson imp grins evilly.
The crimson imp hits you. Natasha claws you.
You miss the crimson imp.
The crimson imp is lightly wounded.
The crimson imp hits you. Natasha claws you but does no damage.
The crimson imp closely misses you. Natasha claws you but does no damage.
You barely miss the crimson imp.
The crimson imp disappears in a puff of smoke!
The crimson imp blinks!
Natasha claws you.
* * * LOW HITPOINT WARNING * * *
You completely miss Natasha.
Natasha is heavily wounded.
Natasha claws you.
* * * LOW HITPOINT WARNING * * *
Natasha mumbles some strange words.
You closely miss Natasha.
Natasha is heavily wounded.
Natasha claws you.
* * * LOW HITPOINT WARNING * * *
The crimson imp blinks!
The iron imp hits you!
You die...

###.##....#
##.....
.!..>....#
#..... #.#.....#
#..... #......#
#....# #...#
#...## ##.## ##P
#..## #b# #..#
#+# #h# #..# #@#
#####.P## #5#
#..##8.8######
#.###..#
#........
#ยง##..##
##.....##
#.#...# #....##
#.....#####.#.##
###.........###
###########


You could see an iron imp (summoned), Natasha and a bat.

Vanquished Creatures
  An adder (D:2)
  2 bats (D:1)
  5 endoplasms
  A giant cockroach (D:1)
  4 hobgoblins
  3 kobolds (D:1)
  2 ball pythons (D:1)
  A frilled lizard (D:2)
  3 rats
22 creatures vanquished.

Vanquished Creatures (others)
  2 plants (D:2)
2 creatures vanquished.

Grand Total: 24 creatures vanquished

Notes
Turn   | Place    | Note
-------+----------+-------------------------------------------
     0 | D:1      | horus123 the Demonspawn Hunter began the quest for the Orb.
     0 | D:1      | Reached XP level 1. HP: 16/16 MP: 1/1
   116 | D:1      | Gained mutation: You have an unusually large brain. (Int
                  | +2) [demonic ancestry]
   116 | D:1      | Reached XP level 2. HP: 22/22 MP: 2/2
   138 | D:1      | Reached skill level 4 in Crossbows
   174 | D:1      | Learned a level 1 spell: Magic Dart
   719 | D:2      | Reached XP level 3. HP: 11/27 MP: 1/4
   965 | D:2      | Noticed Natasha
   981 | D:2      | HP: 1/27 [Natasha (3)]
   981 | D:2      | Mangled by an iron imp

Illustrated notes

Levels and vault maps discovered:
D:1:      dpeg_arrival_arbitrary_a, layout_rooms
D:2:      layout_loops_corners, shapermc_ecumenical_altar_petra,
          serial_bayou_pond_a, uniq_natasha

Skill      XL: |  1  2 |
---------------+-------+-----
Crossbows      | 4 |  4.2
Fighting       | |  2.2
Dodging        | |  1.7
Stealth        | |  0.8
Spellcasting   | |  0.9
Conjurations   | |  0.1

Action                   || total
-------------------------++-------
Melee: Short sword       ||    25
 Fire: Hand crossbow     ||    28
 Cast: Magic Dart        ||     6
Armor: Leather armour    ||    12
Dodge: Dodged            ||    17
